 Dungeon Crawl Stone Soup version 0.26-a0-695-g987792ac36 (webtiles) character file.

Game seed: 14953137222047139961

50 marklar909 the Chopper (level 3, 0/33 HPs)
             Began as a Hill Orc Monk on Oct 26, 2020.
             Succumbed to an adder's poison
             ... on level 2 of the Dungeon.
             The game lasted 00:01:50 (1555 turns).

marklar909 the Chopper (Hill Orc Monk)              Turns: 1555, Time: 00:01:51

Health: 0/33       AC:  3    Str: 11 (14) XL:     3   Next: 79%
Magic:  3/3        EV: 13    Int:  9 (10) God:
Gold:   19         SH:  0    Dex: 12 (13) Spells: 2/2 levels left

rFire    . . .     SeeInvis .   a - +0 hand axe
rCold    . . .     Faith    .   (no shield)
rNeg     . . .     Spirit   .   b - +0 robe
rPois    .         Reflect  .   (no helmet)
rElec    .         Harm     .   (no cloak)
rCorr    .         Rampage  .   (no gloves)
MR       +....                  n - +0 pair of boots
Stlth    ++........             (no amulet)
HPRegen  0.11/turn              f - ring of protection from magic
MPRegen  0.08/turn              (no ring)

@: lethally poisoned (0 -> -6), flying, very slightly contaminated, invisible
A: no striking features
a: no special abilities


You were on level 2 of the Dungeon.
You visited 1 branch of the dungeon, and saw 2 of its levels.

You collected 19 gold pieces.

Inventory:

Hand Weapons
 a - a +0 hand axe (weapon)
Armour
 b - a +0 robe (worn)
 i - a +0 buckler
 n - a +0 pair of boots (worn)
Jewellery
 f - a ring of protection from magic (left hand)
Scrolls
 d - a scroll of blinking {unknown}
 g - 2 scrolls of remove curse
 h - a scroll of teleportation {unknown}
 l - a scroll of enchant weapon {unknown}
Potions
 m - 2 potions of brilliance


   Skills:
 + Level 4.1 Fighting
 + Level 4.6 Axes
 + Level 2.8 Dodging
 + Level 2.0 Stealth
 * Level 0.8 Shields


You had 2 spell levels left.
You didn't know any spells.
Your spell library was empty.

Dungeon Overview and Level Annotations

Branches:
Dungeon (2/15)

Altars:


Message History

You hit the adder but do no damage.
The adder is heavily wounded.
* * * LOW HITPOINT WARNING * * *
You feel sick. The adder closely misses you. The adder completely misses you.
Unknown command.
You catch the helpless adder completely off-guard!
You hit the adder.
The adder is severely wounded.
* * * LOW HITPOINT WARNING * * *
You feel sick. The adder closely misses you.
Unknown command.
You strike the helpless adder from behind!
You hit the adder.
You kill the adder!
Okay, then.
* * * LOW HITPOINT WARNING * * *
You feel sick.
Found a runed scarf.
You see here an adder corpse.
You die...

...............#
...............#####
................^..#
.......#####.......#
.......# #.......#
.......# #...†...#
......)# #.......#
.......# ####†...#
.......# #.@>$#
.......# #....#
.####### #....# .#
#....# .##### [....#
.....# .......
.....# ........
.....#####
..........
.........#


There were no monsters in sight!

Vanquished Creatures
  2 adders (D:2)
  A worm (D:2)
  4 bats (D:1)
  3 giant cockroaches
  2 goblins
  8 hobgoblins (D:1)
  3 frilled lizards
  3 kobolds
26 creatures vanquished.

Notes
Turn   | Place    | Note
-------+----------+-------------------------------------------
     0 | D:1      | marklar909 the Hill Orc Monk began the quest for the Orb.
     0 | D:1      | Reached XP level 1. HP: 19/19 MP: 1/1
   169 | D:1      | Reached XP level 2. HP: 25/27 MP: 2/2
  1059 | D:2      | Reached XP level 3. HP: 7/33 MP: 3/3
  1554 | D:2      | HP: 1/33 [poisoned by an adder]
  1555 | D:2      | Succumbed to an adder's poison

Illustrated notes

Levels and vault maps discovered:
D:1:      grunt_arrival_lava_bath, layout_basic
D:2:      layout_basic, nemelex_diamond_rough_becter

Skill      XL: |  1  2  3 |
---------------+----------+-----
Fighting       | 4 |  4.1
Stealth        | 2 |  2.0
Axes           | |  4.6
Dodging        | |  2.8
Shields        | |  0.8

Action                   || total
-------------------------++-------
Melee: Hand axe          ||    91
  Use: Scroll            ||     3
       Potion            ||     3
 Stab: Sleeping          ||     5
       Invisible         ||     2
Armor: Robe              ||    25
Dodge: Dodged            ||    78

Table legend: (Time is in decaauts)
 A = Elapsed time spent in this place.
 B = Non-inter-level travel time spent in this place.
 C = Inter-level travel time spent in this place.
 D = Time resting spent in this place.
 E = Time spent auto-exploring this place.
 F = Levels seen in this place.
 G = Mean time per level.
                   A        B        C        D        E       F      G
               +--------+--------+--------+--------+--------+-----+--------+
         Total |   1562 |   1493 |     69 |    132 |   1125 |   2 |  781.0 |
       Dungeon |   1562 |   1493 |     69 |    132 |   1125 |   2 |  781.0 |
               +--------+--------+--------+--------+--------+-----+--------+

Top non-repeatable levels by time:
     D:1: 1035 daAuts
     D:2: 527 daAuts
